 Dungeon Crawl Stone Soup version 0.28-a0-1002-gf00fe891ef (webtiles) character file.

Game seed: 7704109532814022327

158302 ragingrage the Severer (level 17, 0/153 HPs)
             Began as a Palentonga Fighter on Dec 7, 2021.
             Was a High Priest of Okawaru.
             Slain by an imperial myrmidon (22 damage)
             ... in the Arena.
             The game lasted 00:42:55 (28986 turns).

ragingrage the Severer (Palentonga Fighter)        Turns: 28986, Time: 00:42:55

Health: 0/153      AC: 31    Str: 25    XL:     17   Next: 14%
Magic:  12/20      EV: 13    Int: 13    God:    Okawaru [*****.]
Gold:   917        SH:  0    Dex: 24    Spells: 16/16 levels left

rFire   . . .      SeeInvis +   a - +7 battleaxe of the Dove {vorpal, rCorr Dex+3}
rCold   + + +      Faith    .   (shield currently unavailable)
rNeg    . . .      Spirit   .   x - +6 scale mail "Nulur" {Dex+4 SInv}
rPois   +          Reflect  .   S - +0 hat of Ownau {rC++ Regen+ rCorr Dex-2}
rElec   .          Harm     .   X - scarf {shadows}
rCorr   +          Rampage  .   Q - +2 pair of gloves {Dex+3}
Will    .....                   N - +0 barding {rC+}
Stlth   ++........              Z - amulet of regeneration
HPRegen 1.95/turn               l - +6 ring of strength
MPRegen 0.17/turn               W - ring "Wemovo" {rPois rC+ Int+4}

@: weak-willed, heroic, curled up, duelling
A: large, rugged brown scales 3, see invisible, deformed body, roll 1, armoured
tail, reflexive curl, dopey 1, low mp 1, screaming 1
a: Rolling Charge, Renounce Religion, Heroism, Finesse, Duel


You were in the Arena.
You worshipped Okawaru.
Okawaru was extremely pleased with you.
You visited 5 branches of the dungeon, and saw 25 of its levels.
You visited the Abyss 1 time.
You also visited: Volcano and Desolation.

You collected 2477 gold pieces.
You spent 1560 gold pieces at shops.

Inventory:

Hand Weapons
 a - the +7 battleaxe of the Dove (weapon) {vorpal, rCorr Dex+3}
   (Okawaru gifted it to you on level 6 of the Lair of Beasts)

   It inflicts extra damage upon your enemies.
   Dex:       It affects your dexterity (+3).
   rCorr:     It protects you from acid and corrosion.
 b - a +1 battleaxe of flaming
 c - a +1 broad axe of electrocution
 w - the +8 whip "Snakebite" {venom, curare, rPois}
   (You found it in the Desolation of Salt)

   It poisons the flesh of those it strikes.
   It occasionally inflicts asphyxiating poison on those it strikes, dealing
   poison damage and causing slowness.
   rPois:     It protects you from poison.
 O - a +3 vampiric executioner's axe
Missiles
 q - 115 poisoned darts
 s - a throwing net
 J - 6 curare-tipped darts (quivered)
Armour
 t - the +0 scale mail "Xepyvyin" {Will+ rCorr Slay+2}
   (You found it in the Desolation of Salt)

   Slay:      It affects your accuracy & damage with ranged weapons and melee
   (+2).
   rCorr:     It protects you from acid and corrosion.
   Will:      It increases your willpower.
 x - the +6 scale mail "Nulur" (worn) {Dex+4 SInv}
   (You acquired it on level 8 of the Dungeon)

   Dex:       It affects your dexterity (+4).
   SInv:      It lets you see invisible.
 N - a +0 barding of cold resistance (worn)
 Q - a +2 pair of gloves of dexterity (worn)
 R - a +1 cloak of willpower
 S - the +0 hat of Ownau (worn) {rC++ Regen+ rCorr Dex-2}
   (Okawaru gifted it to you on level 4 of the Lair of Beasts)

   Dex:       It affects your dexterity (-2).
   rC:        It greatly protects you from cold.
   Regen:     It increases your rate of health regeneration.
   rCorr:     It protects you from acid and corrosion.
 X - a scarf of shadows (worn)
Jewellery
 l - a +6 ring of strength (left hand)
 P - the amulet of Xanouz {Faith Drain rC+ Dex+4}
   (You found it in the Desolation of Salt)

   [amulet of faith]

   It allows you to gain divine favour quickly.
   Dex:       It affects your dexterity (+4).
   rC:        It protects you from cold.
   Drain:     It drains your maximum health when unequipped.
 W - the ring "Wemovo" (right hand) {rPois rC+ Int+4}
   (You bought it in a shop on level 2 of the Orcish Mines)

   [ring of poison resistance]

   Int:       It affects your intelligence (+4).
   rC:        It protects you from cold.
   rPois:     It protects you from poison.
 Y - the ring of Odist {Fire MP+9 Int+2 Slay+2}
   (You found it on level 6 of the Lair of Beasts)

   [ring of fire]

   It enhances your fire magic.
   Int:       It affects your intelligence (+2).
   Slay:      It affects your accuracy & damage with ranged weapons and melee
   (+2).
   rF:        It protects you from fire.
   rC:        It makes you vulnerable to cold.
   MP:        It affects your magic capacity (+9).
 Z - an amulet of regeneration (around neck)
Wands
 D - a wand of iceblast (18)
 F - a wand of flame (38)
 H - a wand of paralysis (8)
 I - a wand of digging (8)
 M - a wand of acid (16)
Scrolls
 e - 7 scrolls of magic mapping
 i - 4 scrolls of enchant weapon
 j - 10 scrolls of fog
 m - 3 scrolls of teleportation
 o - 3 scrolls of vulnerability
 p - 5 scrolls of blinking
 r - 7 scrolls of identify
 u - 2 scrolls of enchant armour
 v - 3 scrolls of immolation
 y - 4 scrolls of fear
 B - 2 scrolls of brand weapon
 C - 5 scrolls of holy word
 G - 2 scrolls of amnesia
Potions
 d - a potion of resistance
 f - 4 potions of mutation
 g - 3 potions of haste
 h - 2 potions of attraction
 k - 3 potions of brilliance {unknown}
 n - 7 potions of curing
 z - 3 potions of heal wounds
 A - 3 potions of might
 E - 3 potions of ambrosia
 K - 3 potions of invisibility
 L - 2 potions of cancellation
 U - 2 potions of flight
 V - 2 potions of degeneration {unknown}
Miscellaneous
 T - a condenser vane


   Skills:
 + Level 15.7(20.7) Fighting
 + Level 20.2(25.2) Axes
 + Level 6.5(11.5) Armour
 + Level 5.2(10.2) Dodging
 - Level 5.0(10.0) Shields
 + Level 7.4 Invocations
 + Level 10.0 Evocations


You had 16 spell levels left.
You didn't know any spells.
Your spell library contained the following spells:

 Spells                   Type           Power      Damage    Failure   Level
 Apportation              Tloc           0%         N/A       52%         1
 Freeze                   Ice            0%         1d3       52%         1
 Magic Dart               Conj           0%         1d3       52%         1
 Slow                     Hex            0%         N/A       52%         1
 Sting                    Tmut/Pois      0%         1d3       52%         1
 Blink                    Tloc           0%         N/A       67%         2
 Poisonous Vapours        Pois/Air       0%         N/A       67%         2
 Scorch                   Fire           0%         2d5       67%         2
 Searing Ray              Conj           0%         2d4       67%         2
 Confusing Touch          Hex            0%         N/A       88%         3
 Frozen Ramparts          Ice            0%         1d2       88%         3
 Gell's Gravitas          Tloc           0%         N/A       88%         3
 Ignite Poison            Fire/Tmut/Pois 0%         N/A       88%         3
 Inner Flame              Hex/Fire       0%         N/A       88%         3
 Lesser Beckoning         Tloc           0%         N/A       88%         3
 Mephitic Cloud           Conj/Pois/Air  0%         N/A       88%         3
 Teleport Other           Tloc           0%         N/A       88%         3
 Vampiric Draining        Necr           0%         2d6       88%         3
 Cause Fear               Hex            0%         N/A       99%         4
 Flame Wave               Conj/Fire      0%         2d4       99%         4
 Fulminant Prism          Conj/Hex       0%         3d6       99%         4
 Hailstorm                Conj/Ice       0%         3d3       99%         4
 Iskenderun's Mystic Bla  Conj/Tloc      0%         2d3       99%         4
 Olgreb's Toxic Radiance  Pois           0%         N/A       99%         4
 Sticky Flame             Conj/Fire      0%         2d3       99%         4
 Blade Hands              Tmut           0%         N/A       100%        5
 Freezing Cloud           Conj/Ice/Air   0%         6-21      100%        5
 Manifold Assault         Tloc           0%         N/A       100%        5
 Yara's Violent Unravell  Hex/Tmut       0%         3d3       100%        5
 Iron Shot                Conj/Erth      0%         9d1       100%        6
 Starburst                Conj/Fire      0%         6d3       100%        6
 Storm Form               Tmut/Air       0%         N/A       100%        7
 Discord                  Hex            0%         N/A       100%        8
 Animate Skeleton         Necr           Unusable   N/A       N/A         1
 Summon Small Mammal      Summ           Unusable   N/A       N/A         1
 Call Imp                 Summ           Unusable   N/A       N/A         2
 Animate Armour           Summ/Erth      Unusable   N/A       N/A         4
 Summon Cactus Giant      Summ           Unusable   N/A       N/A         6

Dungeon Overview and Level Annotations

Branches:
Dungeon (15/15)            Temple (1/1) D:4            Lair (6/6) D:8
  Swamp (0/4) Lair:3        Snake (0/4) Lair:2        Slime (0/5) Lair:6
    Orc (2/2) D:9             Elf (1/3) Orc:2        Vaults (0/5) D:13
 Depths (0/4) D:15        Volcano (visited)         Desolation (visited)

Altars:
Ashenzari
Cheibriados
Dithmenos
Elyvilon
Fedhas
Gozag
Hepliaklqana
Kikubaaqudgha
Makhleb
Nemelex Xobeh
Okawaru
Qazlal
Ru
Sif Muna
Trog
Uskayaw
Vehumet
Wu Jian
Xom
Yredelemnul
Zin
The Shining One
Beogh
Jiyva

Shops:
D:1 [   D:8 !   Orc:2 ==([

Annotations:
D:14 3 runed translucent doors
Lair:1 1 runed translucent door, Xozoco's ghost, journeyman MfGl


Innate Abilities, Weirdness & Mutations

You are completely covered in rugged brown scales. (AC +3, +7% HP)
You have supernaturally acute eyesight. (SInv)
Armour fits poorly on your strangely shaped body.
You can roll at nearby foes to attack.
You have a long armoured tail.
You curl defensively after being hit. (AC +7*)
You are dopey. (Int -2)
Your magical capacity is low. (-10% MP)
You occasionally shout uncontrollably at your foes.


Message History

You tail-slap the imperial myrmidon!
The imperial myrmidon is severely wounded.
You slash the peacekeeper! You hit the saltling but do no damage.
The imperial myrmidon hits you but does no damage.
The peacekeeper bites you!
* * * LOW HITPOINT WARNING * * *
The peacekeeper claws you but does no damage.
The saltling hits you!
* * * LOW HITPOINT WARNING * * *
Unknown command.
Okay, then.
Aiming: Duel (34% risk of failure)
Press: ? - help, Dir - move target, f/p - imperial myrmidon
Aim: an imperial myrmidon, wielding a +0 scimitar and wearing a +0 leather armour (severely wounded)
You enter into single combat with the imperial myrmidon!
You enter Okawaru's Arena!
The spectator shouts! x8
The imperial myrmidon hits you with a +0 scimitar!
* * * LOW HITPOINT WARNING * * *
The spectator shouts!
Found a gate leading back out of this place.
There is an empty arch of ancient stone here.
You feel much better.
The spectator shouts!
The imperial myrmidon hits you but does no damage.
Unknown command.
You barely miss the imperial myrmidon.
The imperial myrmidon is severely wounded.
The spectator shouts!
The imperial myrmidon closely misses you.
You miss the imperial myrmidon.
The imperial myrmidon is severely wounded.
The imperial myrmidon hits you with a +0 scimitar!
* * * LOW HITPOINT WARNING * * *
Your willpower is stripped away!
You completely miss the imperial myrmidon.
The imperial myrmidon is severely wounded.
The imperial myrmidon hits you with a +0 scimitar!!
You die...
Okawaru crowns the imperial myrmidon victorious!

###########
#.p.ppp.p.#
#.▓▓▓▓▓▓▓.#
#p▓.....▓.#
#▓▓.....▓.#
#∩▓.a@..▓p#
#▓▓.....▓p#
#p▓.....▓p#
#.▓▓▓▓▓▓▓.#
#..pppp.p.#
###########


You could see an imperial myrmidon.

Vanquished Creatures
  Saint Roka (Orc:1)
  A lich (Abyss:1)
  Kirke (Lair:4)
  Gastronok (D:12)
  An imperial myrmidon (Desolation)
  Louise (D:15)
  Snorg (D:12)
  Josephine (D:14)
  An ettin (Orc:1)
  3 crystal guardians (Desolation)
  3 ragged hierophants
  8 vault guards (D:13)
  2 servants of whispers
  Erolcha (D:10)
  4 boulder beetles
  10 hydras
  A catoblepas (Lair:2)
  3 peacekeepers (Desolation)
  2 centaur warriors
  Erica (D:8)
  2 dancing weapons
  5 two-headed ogres
  10 death yaks
  2 thrashing horrors (Abyss:2)
  A tengu warrior (D:11)
  4 orc high priests (Orc:2)
  A fire crab (Volcano)
  2 skeletal warriors (D:15)
  2 large abominations (Abyss:2)
  A bog body (Lair:3)
  3 deep elf zephyrmancers (Elf:1)
  2 lindwurms
  2 ironbound convokers (Desolation)
  An orc knight (D:15)
  A necromancer (D:15)
  5 deep elf pyromancers
  A phantasmal warrior (D:15)
  A wolf spider (Lair:6)
  7 ugly things
  A frost giant zombie (D:15)
  2 manticores
  3 orc sorcerers
  4 cyclopes
  13 elephants
  13 black mambas
  A stone giant zombie (D:15)
  A frost giant skeleton (D:15)
  A black mamba (shapeshifter) (D:14)
  4 guardian serpents
  A stone giant skeleton (D:15)
  20 cane toads
  Maggie (D:8)
  2 molten gargoyles (Volcano)
  An orange demon (Abyss:1)
  A kobold demonologist (D:14)
  A gargoyle (D:13)
  2 freezing wraiths
  5 rime drakes
  15 komodo dragons
  3 polar bears
  5 trolls
  26 saltlings
  5 hornets
  14 blink frogs
  9 dream sheep
  A water elemental (Elf:1)
  2 shadows
  35 yaks
  2 vampires
  4 redbacks (Lair:6)
  7 wraiths
  4 hogs
  2 basilisks
  13 wyverns
  6 fire bats (Volcano)
  A steam dragon (Volcano)
  A chaos spawn (Abyss:1)
  4 nagas (Lair:2)
  7 wargs (Orc:1)
  2 acid dragons
  26 water moccasins
  A hell hound (Volcano)
  21 orc warriors
  14 ogres
  2 black bears
  2 necrophages
  8 centaurs
  A phantom (D:5)
  2 kobold brigands
  12 bullfrogs
  A scorpion (D:4)
  An earth elemental (Elf:1)
  A water moccasin zombie (D:7)
  3 small abominations
  13 killer bees
  2 electric eels (Lair:1)
  4 centaur zombies
  A bullfrog zombie (D:7)
  3 hounds
  3 lava snakes (Volcano)
  2 jellies
  3 centaur skeletons
  27 orc priests
  A gnoll shaman (D:7)
  9 iguanas (Lair:1)
  28 orc wizards
  A scorpion zombie (D:5)
  A killer bee zombie (D:9)
  A howler monkey zombie (D:9)
  4 adders
  5 gnolls (D:7)
  A shadow imp (Abyss:1)
  A white imp (D:5)
  2 ufetubi
  An adder skeleton (D:4)
  2 dart slugs
  71 orcs
  7 endoplasms
  2 giant cockroaches
  4 goblins
  8 hobgoblins
  4 jackals
  13 kobolds
  3 quokkas
  8 ball pythons
  5 bats
  22 frilled lizards
  4 rats (D:1)
  A butterfly (Lair:3)
  2 pillars of salt (Desolation)
709 creatures vanquished.

Vanquished Creatures (others)
  38 fungi
  A pillar of salt (Desolation)
  74 plants
  4 withered plants (D:15)
117 creatures vanquished.

Grand Total: 826 creatures vanquished

Notes
Turn   | Place    | Note
-------+----------+-------------------------------------------
     0 | D:1      | ragingrage the Palentonga Fighter began the quest for the
                  | Orb.
     0 | D:1      | Reached XP level 1. HP: 19/19 MP: 1/1
    35 | D:1      | Reached XP level 2. HP: 9/25 MP: 2/2
    43 | D:1      | Reached skill level 3 in Axes
   557 | D:1      | Reached XP level 3. HP: 28/31 MP: 3/3
   593 | D:1      | Found Oliaggo's Armour Shoppe.
   982 | D:2      | Reached skill level 4 in Axes
  1448 | D:2      | Reached XP level 4. HP: 37/37 MP: 4/4
  1660 | D:4      | Noticed a centaur
  1670 | D:4      | Killed a centaur
  1671 | D:4      | Reached skill level 5 in Axes
  1671 | D:4      | Reached XP level 5. HP: 26/43 MP: 5/5
  1806 | D:4      | Identified the +1 ring mail "Ewas" {rF- rN+ SInv}
  1822 | D:4      | Reached skill level 6 in Axes
  1965 | D:4      | Found a staircase to the Ecumenical Temple.
  1985 | D:4      | Reached XP level 6. HP: 48/50 MP: 6/6
  1999 | Temple   | Entered the Ecumenical Temple
  2006 | Temple   | Became a worshipper of Warmaster Okawaru
  2292 | D:3      | Found a faded altar of an unknown god.
  2465 | D:4      | Reached skill level 7 in Axes
  2834 | D:5      | Entered Level 5 of the Dungeon
  2976 | D:5      | Gained mutation: You curl defensively after being hit. (AC
                  | +7*) [Palentonga growth]
  2976 | D:5      | Reached XP level 7. HP: 55/55 MP: 7/7
  3071 | D:5      | Reached skill level 8 in Axes
  3137 | D:5      | Reached * piety under Okawaru
  3353 | D:5      | You fall into a shaft and drop 1 floor!
  3437 | D:5      | Reached skill level 9 in Axes
  3507 | D:5      | Found a shimmering blue altar of Sif Muna.
  3507 | D:5      | Found a glowing golden altar of the Shining One.
  3507 | D:5      | Found a sparkling altar of Nemelex Xobeh.
  3508 | D:5      | Found a blossoming altar of Fedhas.
  3509 | D:5      | Found a glowing silver altar of Zin.
  3511 | D:5      | Found a shimmering altar of Xom.
  4048 | D:6      | Found a snail-covered altar of Cheibriados.
  4441 | D:6      | Reached XP level 8. HP: 23/62 MP: 8/8
  4710 | D:6      | Reached ** piety under Okawaru
  4733 | D:6      | Reached skill level 10 in Axes
  4911 | D:7      | Reached skill level 11 in Axes
  5484 | D:7      | Reached *** piety under Okawaru
  5624 | D:7      | Reached XP level 9. HP: 67/67 MP: 9/9
  5750 | D:7      | Reached skill level 12 in Axes
  6531 | D:8      | Noticed Erica
  6535 | D:8      | Noticed Maggie
  6542 | D:8      | Killed Erica
  6543 | D:8      | Reached skill level 13 in Axes
  6561 | D:8      | Killed Maggie
  6561 | D:8      | Reached **** piety under Okawaru
  6857 | D:8      | Found a staircase to the Lair.
  7427 | D:8      | Found Wusim's Distillery.
  7438 | D:8      | Paralysed by a hornet for 2 turns
  7453 | D:8      | Reached skill level 14 in Axes
  7596 | D:8      | Bought a potion of curing for 45 gold pieces
  7596 | D:8      | Bought a potion of curing for 45 gold pieces
  7596 | D:8      | Bought a potion of curing for 45 gold pieces
  7596 | D:8      | Bought a potion of heal wounds for 75 gold pieces
  7596 | D:8      | Bought a potion of invisibility for 120 gold pieces
  7806 | D:8      | Identified a scroll of acquirement
  7806 | D:8      | Acquired the +6 scale mail "Nulur" {Dex+4 SInv}
  7857 | D:9      | Reached skill level 1 in Invocations
  8040 | D:9      | Reached XP level 10. HP: 70/74 MP: 10/10
  8045 | D:9      | Reached skill level 1 in Dodging
  8353 | D:9      | Found a staircase to the Orcish Mines.
  8477 | D:9      | Noticed a two-headed ogre
  8489 | D:9      | Killed a two-headed ogre
  8489 | D:9      | Reached ***** piety under Okawaru
  9413 | D:10     | Entered Level 10 of the Dungeon
  9587 | D:10     | Received a gift from Okawaru
  9593 | D:10     | Reached skill level 5 in Fighting
  9966 | D:10     | Noticed Erolcha
  9970 | D:10     | Cast into level 1 of the Abyss (Erolcha)
 10034 | Abyss:1  | Noticed a thrashing horror
 10056 | Abyss:1  | Noticed an orange demon
 10070 | Abyss:1  | Killed an orange demon
 10071 | Abyss:1  | Reached XP level 11. HP: 61/85 MP: 12/14
 10086 | Abyss:1  | Noticed a thrashing horror
 10151 | Abyss:1  | Noticed a lich
 10172 | Abyss:1  | Killed a lich
 10173 | Abyss:1  | Reached skill level 5 in Invocations
 10204 | Abyss:1  | Noticed a large abomination
 10392 | Abyss:1  | Noticed a revenant
 10394 | Abyss:1  | Noticed an angel
 10595 | Abyss:2  | Noticed an orc sorcerer
 10717 | Abyss:2  | Noticed a large abomination
 10722 | Abyss:2  | Noticed a thrashing horror
 10722 | Abyss:2  | Noticed a thrashing horror
 10740 | Abyss:2  | Killed a thrashing horror
 10742 | Abyss:2  | Killed a large abomination
 10743 | Abyss:2  | Reached skill level 5 in Armour
 10743 | Abyss:2  | Reached skill level 5 in Shields
 10764 | Abyss:2  | Killed a thrashing horror
 10767 | D:10     | Escaped the Abyss
 10830 | D:10     | Killed Erolcha
 11466 | Lair:1   | Entered Level 1 of the Lair of Beasts
 11597 | Lair:1   | Found a hide-covered altar of Uskayaw.
 11634 | Lair:1   | Received a gift from Okawaru
 11954 | Lair:1   | Reached skill level 1 in Evocations
 12299 | Lair:1   | Reached skill level 15 in Axes
 12480 | Lair:1   | Noticed a five-headed hydra
 12489 | Lair:1   | Killed a one-headed hydra
 12746 | Lair:1   | Found a runed translucent door.
 12746 | Lair:1   | Identified the +9 trident "Gram" {flame, rF+ rN+ Dex+5}
 12753 | Lair:1   | Noticed Xozoco's ghost (journeyman MfGl)
 12832 | Lair:1   | Reached XP level 12. HP: 70/98 MP: 15/15
 13616 | Lair:2   | Noticed a six-headed hydra
 13628 | Lair:2   | Killed a one-headed hydra
 13734 | Lair:2   | Noticed a catoblepas
 13756 | Lair:2   | Killed a catoblepas
 14186 | Lair:2   | Found a staircase to the Snake Pit.
 14380 | Lair:2   | Reached ****** piety under Okawaru
 14380 | Lair:2   | Received a gift from Okawaru
 14858 | Lair:3   | Found a staircase to the Swamp.
 14873 | Lair:3   | Reached skill level 5 in Evocations
 15022 | Lair:3   | Found a dark tunnel.
 15030 | Volcano  | Entered a volcano
 15457 | Volcano  | Found a burning altar of Makhleb.
 15484 | Volcano  | Reached skill level 16 in Axes
 16082 | Volcano  | Reached skill level 10 in Fighting
 17243 | Lair:4   | Noticed a death yak
 17256 | Lair:4   | Noticed a death yak
 17257 | Lair:4   | Noticed a death yak
 17258 | Lair:4   | Noticed a death yak
 17262 | Lair:4   | Killed a death yak
 17263 | Lair:4   | Reached XP level 13. HP: 111/111 MP: 16/16
 18115 | Lair:4   | Identified the +0 hat of Ownau {rC++ Regen+ rCorr Dex-2}
                  | (Okawaru gifted it to you on level 4 of the Lair of Beasts)
 18115 | Lair:4   | Received a gift from Okawaru
 18116 | Lair:4   | Reached skill level 17 in Axes
 19273 | Lair:5   | Noticed Kirke
 19450 | Lair:4   | Killed Kirke
 19965 | Lair:6   | Entered Level 6 of the Lair of Beasts
 20671 | Lair:6   | Found a staircase to the Slime Pits.
 20672 | Lair:6   | Found a viscous altar of Jiyva.
 20746 | Lair:6   | Reached skill level 18 in Axes
 20746 | Lair:6   | Identified the +7 battleaxe of the Dove {vorpal, rCorr
                  | Dex+3} (Okawaru gifted it to you on level 6 of the Lair of
                  | Beasts)
 20746 | Lair:6   | Received a gift from Okawaru
 20747 | Lair:6   | Reached XP level 14. HP: 121/124 MP: 17/17
 20990 | Lair:6   | Paralysed by a hornet for 2 turns
 21512 | Lair:6   | Received a gift from Okawaru
 22183 | Lair:6   | Identified the ring of Odist {Fire MP+9 Int+2 Slay+2}
 22464 | Orc:1    | Entered Level 1 of the Orcish Mines
 22838 | Orc:1    | HP: 3/128 [ettin (10)]
 23291 | Orc:2    | Entered Level 2 of the Orcish Mines
 23490 | Orc:2    | Found Kuxuv's Antique Armour Shoppe.
 23523 | Orc:2    | Bought a brightly glowing helmet for 209 gold pieces
 23523 | Orc:2    | Identified the +0 helmet of Divine Compulsion {Int+2} (You
                  | bought it in a shop on level 2 of the Orcish Mines)
 23523 | Orc:2    | Bought a pair of runed gloves for 165 gold pieces
 23582 | Orc:2    | Gained mutation: You are occasionally teleported next to
                  | monsters. [a neqoxec]
 23694 | Orc:2    | Noticed Saint Roka
 23958 | Orc:1    | Killed Saint Roka
 24106 | Orc:2    | Found a staircase to the Elven Halls.
 24147 | Orc:2    | Received a gift from Okawaru
 24187 | Orc:2    | Reached skill level 19 in Axes
 24187 | Orc:2    | Reached XP level 15. HP: 105/135 MP: 18/18
 24193 | Orc:2    | Lost mutation: You are occasionally teleported next to
                  | monsters. [potion of mutation]
 24193 | Orc:2    | Gained mutation: You occasionally shout uncontrollably at
                  | your foes. [potion of mutation]
 24193 | Orc:2    | Gained mutation: You are dopey. (Int -2) [potion of
                  | mutation]
 24193 | Orc:2    | Gained mutation: Your magical capacity is low. (-10% MP)
                  | [potion of mutation]
 24360 | Orc:2    | Found Yzuleugg's Jewellery Boutique.
 24361 | Orc:2    | Found Capsestre's Jewellery Boutique.
 24362 | Orc:2    | Found Neorphips's Weapon Shop.
 24366 | Orc:2    | Found Womina's Distillery.
 24369 | Orc:2    | Bought an amulet of regeneration for 390 gold pieces
 24375 | Orc:2    | Bought the ring "Wemovo" {rPois rC+ Int+4} for 466 gold
                  | pieces
 25057 | D:11     | Reached XP level 16. HP: 143/143 MP: 17/17
 25316 | D:12     | Reached skill level 15 in Fighting
 25598 | D:12     | Noticed Snorg
 25605 | D:12     | Killed Snorg
 25662 | D:12     | Noticed Gastronok
 25690 | D:12     | Killed Gastronok
 26072 | D:13     | Found a gate to the Vaults.
 26098 | D:13     | Reached skill level 20 in Axes
 26184 | D:13     | Found a radiant altar of Vehumet.
 26458 | D:13     | Received a gift from Okawaru
 26794 | D:14     | Noticed Josephine
 26814 | D:14     | Killed Josephine
 27199 | D:14     | Found a runed translucent gate.
 27200 | D:14     | Found a runed translucent gate.
 27201 | D:14     | Found a runed translucent gate.
 27269 | D:15     | Entered Level 15 of the Dungeon
 27274 | D:15     | Found a bloodstained altar of Trog.
 27319 | D:15     | Noticed Louise
 27336 | D:15     | Killed Louise
 27413 | D:15     | Found a staircase to the Depths.
 27576 | D:15     | Received a gift from Okawaru
 28284 | Elf:1    | Entered Level 1 of the Elven Halls
 28314 | Elf:1    | Found a radiant altar of Vehumet.
 28344 | Arena    | Entered the Arena
 28419 | Elf:1    | Found a crumbling gateway.
 28472 | Desolati | Entered the Desolation of Salt
 28599 | Desolati | Received a gift from Okawaru
 28610 | Desolati | Reached XP level 17. HP: 50/151 MP: 20/20
 28610 | Desolati | Identified the +0 scale mail "Xepyvyin" {Will+ rCorr
                  | Slay+2}
 28680 | Desolati | Identified the +0 crystal plate armour "Budoruh" {rC+ Str-4
                  | Int+2}
 28684 | Desolati | Identified the +10 halberd of Yxkuoquac {vorpal, *Slow
                  | rPois rC+ Will+}
 28689 | Desolati | Got Lalemamn's Papyrus of Fire and the Traveller
 28697 | Desolati | Reached skill level 5 in Dodging
 28707 | Desolati | Reached skill level 10 in Evocations
 28930 | Desolati | Found the +8 whip "Snakebite" {venom, curare, rPois}
 28935 | Desolati | Identified the amulet of Xanouz {Faith Drain rC+ Dex+4}
 28951 | Desolati | Got the Almanac of the Butcher
 28982 | Arena    | Entered the Arena
 28982 | Arena    | HP: 7/153 [imperial myrmidon (14)]
 28986 | Arena    | Slain by an imperial myrmidon

Illustrated notes

Levels and vault maps discovered:
D:1:      grunt_arrival_lava_bath, layout_rooms, serial_shops,
          nicolae_shop_waterfront, item_on_display_a
D:2:      layout_loops_ring
D:3:      layout_rooms, basic_ecumenical_altar
D:4:      layout_loops_ring, minmay_temple_entry_water_ring
D:5:      layout_cave_pools, minitemple
D:6:      layout_gridville, mainiacjoe_overflow_alcove_4
D:7:      layout_loops_ring, grunt_ogre_cave, grunt_decor_mini_mirrors,
          kennysheep_small_square
D:8:      layout_basic, lair_entry_dummy, serial_shops, shop, minmay_holes,
          chequers_garden, uniq_erica, uniq_maggie
D:9:      layout_roguey, hiddenorc2_lemuel
D:10:     layout_loops_ring, palyth_stone_intersect, uniq_erolcha
D:11:     layout_rooms
D:12:     layout_loops_ring, minmay_increasing_density, uniq_gastronok,
          uniq_snorg
D:13:     layout_roguey, erik_vaults_2, nicolae_vehumet_radiance
D:14:     layout_roguey, ploomutoo_gammafunk_ghost_potion_laboratory,
          uniq_josephine
D:15:     gammafunk_depths_entry_grave, layout_irregular_city,
          kennysheep_pointless_box, trog_three_pillars_becter, uniq_louise
Temple:   nicolae_temple_no_exploring_needed
Lair:1:   lemuel_reptile_caves, layout_cellular_growth,
          ebering_ghost_funeral_grove, basic_altar, serial_bayou_shore_a,
          infiniplex_staircase_pool
Lair:2:   layout_chaotic_city, minmay_snake_entry_guardpost_small
Lair:3:   layout_loops_ring, skrybe_swamp_entry_bodies,
          nicolae_volcano_entry_hallway, lemuel_fruit_fields, lemuel_fruit_tree
Lair:4:   layout_roguey, serial_bayou_shore_b, lemuel_fruit_fields
Lair:5:   layout_hall_layers, uniq_kirke
Lair:6:   hangedman_lair_tendril_chambers, layout_misc_corridors,
          hangedman_lair_in_review, slime_altar_1
Orc:1:    cheibrodos_orc_guarddog, layout_caves, basic_altar
Orc:2:    st_orc_mages, layout_caves, serial_shops, nicolae_shop_trees,
          uniq_saint_roka
Elf:1:    eino_elf_arrival_altar, layout_rooms, portal_desolation_entry_salt,
          serial_shops, shop, kennysheep_underground_church, st_stairs_12,
          minivault_27
Desolation
Arena

Skill      XL: |  1  2  3  4  5  6  7  8  9 10 11 12 13 14 15 16 17 |
---------------+----------------------------------------------------+-----
Axes           | 3 4 5 6 7 9 11 14 15 16 18 19 20 | 20.2
Invocations    | 1 4 5 7 |  7.4
Dodging        | 3 4 5 |  5.2
Armour         | 4 5 6 |  6.5
Shields        | 4 5 |  5.0
Fighting       | 5 7 10 12 14 15 | 15.7
Evocations     | 2 5 8 9 10 | 10.0

Action                   |  1- 3 |  4- 6 |  7- 9 | 10-12 | 13-15 | 16-18 || total
-------------------------+-------+-------+-------+-------+-------+-------++-------
Melee: War axe           |   108 |    81 |   207 |   178 |       |       ||   574
       Tailslap          |     8 |    14 |    32 |   128 |   196 |   110 ||   488
       Whip              |       |       |    40 |   159 |       |       ||   199
       Broad axe         |       |       |       |   289 |   805 |    80 ||  1174
       Scimitar          |       |       |       |    12 |       |       ||    12
       Battleaxe         |       |       |       |     6 |    41 |   345 ||   392
       Unarmed           |       |       |       |       |     2 |       ||     2
       Punch             |       |       |       |       |       |     1 ||     1
Throw: Dart              |       |     1 |    42 |    18 |    19 |    10 ||    90
       Throwing net      |       |       |     1 |     3 |       |       ||     4
Invok: Heroism           |       |       |     2 |    13 |     6 |     5 ||    26
       Finesse           |       |       |       |     5 |     2 |     1 ||     8
       Duel              |       |       |       |       |       |     2 ||     2
 Abil: Rolling Charge    |     4 |     8 |    11 |    25 |    24 |    17 ||    89
Evoke: Wand              |       |       |     2 |       |       |       ||     2
       Condenser vane    |       |       |       |       |     1 |     1 ||     2
  Use: Potion            |     1 |       |     6 |     1 |     4 |     3 ||    15
       Scroll            |       |     1 |    13 |    10 |     5 |     1 ||    30
 Stab: Held in net/web   |       |       |     1 |     3 |       |       ||     4
Armor: Scale mail        |    82 |    64 |   103 |   258 |   467 |   197 ||  1171
       Skin              |       |       |    24 |       |       |       ||    24
       Leather armour    |       |       |       |     5 |       |       ||     5
Dodge: Dodged            |    42 |    29 |    63 |   168 |   231 |    95 ||   628
Block: Buckler           |    30 |    17 |    57 |   126 |       |       ||   230

Table legend: (Time is in decaauts)
 A = Elapsed time spent in this place.
 B = Non-inter-level travel time spent in this place.
 C = Inter-level travel time spent in this place.
 D = Time resting spent in this place.
 E = Time spent auto-exploring this place.
 F = Levels seen in this place.
 G = Mean time per level.
                   A        B        C        D        E       F      G
               +--------+--------+--------+--------+--------+-----+--------+
         Total |  28550 |  26859 |   1691 |   5599 |  15352 |  31 |  921.0 |
       Dungeon |  14627 |  13737 |    890 |   1945 |   9373 |  15 |  975.1 |
        Temple |     14 |      2 |     12 |      0 |      0 |   1 |   14.0 |
          Lair |   9458 |   8803 |    655 |   2090 |   4781 |   6 | 1576.3 |
  Orcish Mines |   1956 |   1825 |    131 |    336 |    968 |   2 |  978.0 |
   Elven Halls |    144 |    142 |      2 |     12 |      0 |   1 |  144.0 |
         Abyss |    749 |    749 |      0 |    471 |      1 |   2 |  374.5 |
       Volcano |   1064 |   1064 |      0 |    670 |     35 |   1 | 1064.0 |
    Desolation |    503 |    503 |      0 |     63 |    193 |   1 |  503.0 |
         Arena |     31 |     31 |      0 |     12 |      0 |   2 |   15.5 |
               +--------+--------+--------+--------+--------+-----+--------+

Top non-repeatable levels by time:
  Lair:1: 2153 daAuts
     D:8: 2048 daAuts
  Lair:6: 1985 daAuts
     D:9: 1509 daAuts
     D:7: 1475 daAuts
  Lair:3: 1453 daAuts
  Lair:4: 1416 daAuts
  Lair:2: 1275 daAuts
    D:10: 1217 daAuts
     D:6: 1186 daAuts
  Lair:5: 1174 daAuts
 Volcano: 1064 daAuts
   Orc:1: 1039 daAuts
     D:4: 1004 daAuts
   Orc:2: 917 daAuts
